 Dungeon Crawl Stone Soup version 0.17.0-56-gd8de76c (webtiles) character file.

77 PossumBlood the Magician (level 4, -3/24 HPs)
             Began as a Deep Elf Wizard on Dec 5, 2015.
             Slain by an ice beast (4 damage)
             ... on level 3 of the Dungeon.
             The game lasted 00:06:44 (2500 turns).

PossumBlood the Magician (Deep Elf Wizard)          Turns: 2500, Time: 00:06:44

Health: -3/24      AC:  2    Str:  4      XL:     4   Next: 13%
Magic:  7/13       EV: 13    Int: 24      God:
Gold:   124        SH:  0    Dex: 11 (13) Spells: 4 memorised, 6 levels left

rFire  . . .     SeeInvis .     g - +1 dagger
rCold  . . .     Clarity  .     a - +0 robe
rNeg   . . .     SustAt   .     (no shield)
rPois  +         Gourm    .     b - +0 hat
rElec  .         Spirit   .     (no cloak)
rCorr  .         Warding  .     (no gloves)
rMut   .         Stasis   .     (no boots)
MR     .....                    (no amulet)
Stlth  ++........               o - +1 ring of evasion
                                n - ring of poison resistance

@: not resistant to hostile enchantments, unstealthy
A: no striking features
a: no special abilities


You were on level 3 of the Dungeon.
You were not hungry.

You visited 1 branch of the dungeon, and saw 3 of its levels.

You collected 124 gold pieces.

Inventory:

Hand Weapons
 g - a +1 dagger (weapon)
Armour
 a - a +0 robe (worn)
 b - a +0 hat (worn)
Jewellery
 n - a ring of poison resistance (left hand)
 o - a +1 ring of evasion (right hand)
Wands
 r - a wand of paralysis (14)
Scrolls
 e - 2 scrolls of amnesia
 m - a scroll of immolation
 p - a scroll of blinking
 s - a scroll of teleportation
Potions
 f - a potion of agility {unknown}
 h - a potion of flight {unknown}
 i - a potion of resistance {unknown}
 j - a potion of lignification {unknown}
 l - a potion of curing {unknown}
 q - a potion of brilliance {unknown}
Books
 c - a book of Minor Magic

   Spells                             Type                      Level
   a - Magic Dart                     Conjuration                  1
   b - Blink                          Translocation                2
   c - Call Imp                       Summoning                    2
   d - Repel Missiles                 Charms/Air                   2
   e - Slow                           Hexes                        2
   f - Conjure Flame                  Conjuration/Fire             3
   g - Mephitic Cloud                 Conjuration/Poison/Air       3
Comestibles
 d - 5 meat rations
 k - a slice of pizza


   Skills:
 - Level 2.4 Dodging
 - Level 2.4 Stealth
 + Level 5.7 Spellcasting
 + Level 3.2 Conjurations
   Level 1.1 Summonings
 - Level 1.1 Translocations


You had 6 spell levels left.
You knew the following spells:

 Your Spells              Type           Power        Failure   Level  Hunger
a - Magic Dart            Conj           ###.         1%          1    None
b - Blink                 Tloc           N/A          10%         2    None
c - Slow                  Hex            #.......     14%         2    None
d - Mephitic Cloud        Conj/Pois/Air  ##......     17%         3    #......


Dungeon Overview and Level Annotations

Branches:
Dungeon (3/15)

Altars:


Message History

* * * LOW HITPOINT WARNING * * *
The ice beast freezes you.
* * * LOW HITPOINT WARNING * * *
Casting: Magic Dart
Confirm with . or Enter, or press ? or * to list all spells.
Aiming: Magic Dart
Press: ? - help, Shift-Dir - straight line, f/p - ice beast
Aim: an ice beast (severely wounded)
The magic dart hits the ice beast.
The ice beast is severely wounded.
The ice beast barely misses you.
Casting: Magic Dart
Confirm with . or Enter, or press ? or * to list all spells.
Aiming: Magic Dart
Press: ? - help, Shift-Dir - straight line, f/p - ice beast
Aim: an ice beast (severely wounded)
The magic dart hits the ice beast.
The ice beast is severely wounded.
The ice beast hits you.
You die...

# #. .# .# .# .# #.# .#..#
# #Y#.# .. .# #. #@#.#
#.#.###.# #.##.#.#
#........ #......# #.#
..#.# ###...## #.# #.#.#
##.....## #.###.#.#. .
##.......## #.#...).#.
...###.........###.........
...............'..†.....<..
..###.........####...#.###


You could see an ice beast.

Vanquished Creatures
  A quasit (D:3)
  2 adders
  A worm (D:3)
  An orc (D:3)
  8 bats
  2 giant cockroaches (D:2)
  4 hobgoblins
  4 kobolds
  2 giant newts
  2 goblins (D:1)
  7 rats
34 creatures vanquished.

Notes
Turn   | Place    | Note
--------------------------------------------------------------
     0 | D:1      | PossumBlood the Deep Elf Wizard began the quest for the Orb.
     0 | D:1      | Reached XP level 1. HP: 10/10 MP: 7/7
   371 | D:1      | Reached XP level 2. HP: 15/15 MP: 1/9
   584 | D:1      | Learned a level 2 spell: Blink
  1347 | D:2      | Reached skill level 5 in Spellcasting
  1660 | D:2      | Reached XP level 3. HP: 19/19 MP: 9/11
  2028 | D:3      | Learned a level 2 spell: Slow
  2032 | D:3      | Learned a level 3 spell: Mephitic Cloud
  2264 | D:3      | Reached XP level 4. HP: 15/24 MP: 0/13
  2336 | D:3      | Noticed an ice beast
  2498 | D:3      | HP: 1/24 [ice beast (6)]
  2500 | D:3      | Slain by an ice beast

Action                   |  1- 3 |  4- 6 || total
-------------------------+-------+-------++-------
Melee: Dagger            |     1 |       ||     1
 Cast: Magic Dart        |    77 |    19 ||    96
       Blink             |     7 |       ||     7
       Mephitic Cloud    |     1 |       ||     1
  Use: Scroll            |    10 |       ||    10
  Eat: Bread ration      |     1 |       ||     1
